 Dungeon Crawl Stone Soup version 0.29.0-4-gdea44cf6ec (webtiles) character file.

Game seed: 5852085898372161136

24 qw the Chopper (level 2, 0/39 HPs)
             Began as a Minotaur Berserker on Sept 9, 2022.
             Was a Believer of Trog.
             Succumbed to an adder's poison
             ... on level 2 of the Dungeon.
             The game lasted 00:00:19 (1019 turns).

qw the Chopper (Minotaur Berserker)                 Turns: 1019, Time: 00:00:19

Health: 0/39       AC:  2    Str: 18 (21) XL:     2   Next: 79%
Magic:  1/1        EV: 12    Int:  3 (4)  God:    Trog [**....]
Gold:   77         SH:  0    Dex:  8 (9)  Spells: 1/1 levels left

rFire   . . .      SeeInvis .   Y - +0 hand axe
rCold   . . .      Faith    .   (no shield)
rNeg    . . .      Spirit   .   b - +0 animal skin
rPois   .          Reflect  .   (helmet restricted)
rElec   .          Harm     .   (no cloak)
rCorr   .          Rampage  .   (no gloves)
Will    .....                   (no boots)
Stlth   ..........              (no amulet)
HPRegen 0.13/turn               (no ring)
MPRegen 0.07/turn               (no ring)

@: berserking, lethally poisoned (0 -> -6), very quick
A: horns 2, retaliatory headbutt
a: Renounce Religion, Berserk, Trog's Hand


You were on level 2 of the Dungeon.
You worshipped Trog.
Trog was pleased with you.
You visited 1 branch of the dungeon, and saw 2 of its levels.

You collected 77 gold pieces.


Innate Abilities, Weirdness & Mutations

You have a pair of horns on your head.
You reflexively headbutt those who attack you in melee.


   Skills:
 - Level 3.6 Fighting
 + Level 5.0 Axes
 - Level 2.4 Armour
 - Level 2.1 Dodging


You had one spell level left.
You didn't know any spells.
Your spell library was empty.

Inventory:

Hand Weapons
 f - a +0 mace
 Y - a +0 hand axe (weapon)
Armour
 b - a +0 animal skin (worn)
Scrolls
 a - a scroll of identify
Potions
 d - a potion of lignification {unknown}
 i - a potion of curing {unknown}

Dungeon Overview and Level Annotations

Branches:
Dungeon (2/15)

Altars:

Annotations:
D:2 Robin


Message History

The goblins go into a battle-frenzy!
You barely miss the goblin.
The goblin is severely wounded.
You completely miss the adder. You closely miss the goblin. x2
You feel sick. The adder misses you. The goblin completely misses you.
The goblin barely misses you. The goblin hits you with a +0 club.
1016 ||| INVOKING Berserk.
A red film seems to cover your vision as you go berserk!
You feel yourself moving faster!
You feel mighty!
You feel sick. The adder bites you.
You are more poisoned.
The adder poisons you! The goblin misses you.
The goblin hits you with a +0 dagger. The goblin hits you but does no damage.
The adder misses you.
You closely miss the goblin. Your headbutt misses the goblin.
The goblin is severely wounded.
You hit the goblin.
You kill the goblin!
Trog accepts your kill.
You barely miss the adder. You hit the goblin.
You kill the goblin!
Trog accepts your kill.
You feel sick.
You slash the goblin!
You kill the goblin!
Trog accepts your kill.
You barely miss the adder.
You feel sick. The adder closely misses you.
Your Axes skill increases to level 5!
You slash the adder!
You kill the adder!
Trog accepts your kill.
You can now call upon Trog for regeneration and willpower.
You hit the goblin.
You kill the goblin!
Trog accepts your kill.
You hit the hobgoblin.
You kill the hobgoblin!
Trog accepts your kill.
You die... ...#.# ... .....##..# ......... ......... #K.g... #ggg.

####.##gg###.#
.......<))...#
####.###@###.#
#.# #.# #.#
###


You could see Robin, 3 hobgoblins, 2 goblins and a kobold.

Vanquished Creatures
  An adder (D:2)
  A dart slug (D:1)
  An endoplasm (D:1)
  5 goblins
  5 hobgoblins
  2 kobolds (D:1)
  A ball python (D:1)
  7 bats (D:1)
  A frilled lizard (D:1)
24 creatures vanquished.

Notes
Turn   | Place    | Note
-------+----------+-------------------------------------------
     0 | D:1      | qw the Minotaur Berserker began the quest for the Orb.
     0 | D:1      | Reached XP level 1. HP: 19/19 MP: 0/0
     0 | D:1      | 0 ||| qw: Version: 0.1-a-113-g051387a
     0 | D:1      | 0 ||| qw: Game counter: 7134
     0 | D:1      | 0 ||| qw: Always use a shield: true
     0 | D:1      | 0 ||| qw: Do Orc after D:15 true
     0 | D:1      | 0 ||| qw: Do second Lair branch before Depths: true
     0 | D:1      | 0 ||| qw: Lair rune preference: random
     0 | D:1      | 0 ||| qw: Plans: Normal
     0 | D:1      | 0 ||| PLANNING D:1-11
   180 | D:1      | Reached skill level 4 in Axes
   264 | D:1      | Found a faded altar of an unknown god.
   375 | D:1      | Reached XP level 2. HP: 26/26 MP: 1/1
   398 | D:1      | 398 ||| Stepping ~*~*~tactically~*~*~ (stealth).
   471 | D:1      | 471 ||| DROPPING +0 club.
  1000 | D:1      | 1000 ||| READING 2 scrolls labelled QUSALE XABAU.
  1001 | D:1      | 1001 ||| READING scroll labelled METWAPPOCKO.
  1002 | D:1      | 1002 ||| READING scroll labelled YSASIM UGAB.
  1007 | D:1      | 1007 ||| DRINKING 2 viscous white potions.
  1008 | D:1      | 1008 ||| DROPPING potion of degeneration.
  1010 | D:2      | Noticed Robin
  1016 | D:2      | 1016 ||| INVOKING Berserk.
  1016 | D:2      | HP: 4/39 [goblin/+0 dagger[Robin] (6)]
  1018 | D:2      | HP: 1/39 [poisoned by an adder]
  1019 | D:2      | Reached skill level 5 in Axes
  1019 | D:2      | Reached ** piety under Trog
  1019 | D:2      | Succumbed to an adder's poison

Levels and vault maps discovered:
D:1:      lightli_arrival_statue_moat, layout_basic,
          ebering_ecumenical_altar_mist, serial_park_tiny_2
D:2:      minmay_roachtagon, layout_basic, minmay_gold_behind_fungi, uniq_robin,
          uniq_crazy_yiuf_cottage

Skill      XL: |  1  2 |
---------------+-------+-----
Axes           | 4 5 |  5.0
Fighting       | |  3.6
Armour         | |  2.4
Dodging        | |  2.1

Action                   || total
-------------------------++-------
Melee: Hand axe          ||    47
       Headbutt          ||     4
       Punch             ||     1
Invok: Berserk           ||     1
  Use: Scroll            ||     3
       Potion            ||     1
Armor: Animal skin       ||    14
Dodge: Dodged            ||    33

Table legend:
 A = Non-vault XP
 B = Vault XP
 C = Vault XP percentage of total XP
 D = Non-vault monster count
 E = Vault monster count
 F = Vault count percentage of total count
                 A         B        C        D         E       F
            +---------+---------+-------+---------+---------+-------
      Total |      43 |      10 |  18.9 |      19 |       5 |  20.8
            +---------+---------+-------+---------+---------+-------
        D:1 |      29 |       0 |   0.0 |      18 |       0 |   0.0
        D:2 |      14 |      10 |  41.7 |       1 |       5 |  83.3
            +---------+---------+-------+---------+---------+-------
